AoeStats
← Tinkerbells_t.t

Arabia

509969029Analyzed
1v1 RM · 3d ago on Sep 28, 2026· 48m 8s· 2 players
Game mode
Random Map
Map size
Tiny (2 player)
Population
200
Speed
Normal
Resources
Standard
Victory
Conquest
Starting age
Dark Age
Ending age
Imperial Age
RankedLock teamsTeams togetherTeam positionsShared explorationLock speedFull tech treeHidden civsTurbo modeCheats
Victory
Defeat
🇧🇷 Franks · Brazil
708
+18
🇦🇺 Celts · Australia
749
-18
cheew
9:38 Feudal Age
9:50 Loom
14:05 Double-Bit Axe
15:51 Gold Mining
21:00 Castle Age
20:11 Forging
20:43 Stone Mining
21:25 Scale Mail Armor
21:03 Crossbowman
23:57 Iron Casting
24:59 Padded Archer Armor
25:55 Wheelbarrow
25:25 Husbandry
30:03 Scale Barding Armor
32:26 Bow Saw
32:07 Man-at-Arms
32:33 Arson
32:34 Gambesons
32:50 Squires
40:59 Chain Barding Armor
43:40 Imperial Age
41:41 Chain Mail Armor
42:49 Hand Cart
42:23 Long Swordsman
43:44 Two-Handed Swordsman
45:23 Champion
47:45 Cranequins
Tinkerbells_t.t
3:18 Loom
11:32 Feudal Age
12:35 Double-Bit Axe
12:35 Horse Collar
20:03 Wheelbarrow
19:14 Town Watch
22:51 Forging
22:41 Scale Mail Armor
22:34 Fletching
26:02 Castle Age
24:21 Stone Mining
24:31 Gold Mining
25:33 Scale Barding Armor
25:31 Padded Archer Armor
26:01 Arson
29:27 Bow Saw
29:20 Heavy Plow
28:56 Pikeman
31:31 Iron Casting
30:52 Bodkin Arrow
31:13 Chain Mail Armor
Connection lost

Rejoining the realm…

Still unreachable

The connection could not be restored.

Session expired

The server has moved on; the page needs a fresh start.